 Dungeon Crawl Stone Soup version 0.31-a0-83-gbff143cfd1 (webtiles) character file.

Game seed: 5092239985670995818

1936 Esekla the Covert (level 9, -14/61 HPs)
             Began as an Octopode Delver on May 25, 2023.
             Was an Initiate of Gozag.
             Shot with a sling bullet by Joseph (18 damage)
             ... on level 8 of the Dungeon.
             The game lasted 00:27:20 (7213 turns).

Esekla the Covert (Octopode Delver)                 Turns: 7213, Time: 00:27:20

Health: -14/61     AC:  1    Str: 11    XL:     9   Next: 18%
Magic:  9/14       EV: 15    Int: 16    God:    Gozag
Gold:   97         SH:  0    Dex: 14    Spells: 15/15 levels left

rFire   . . .        a - +0 falchion
rCold   . . .        (no shield)
rNeg    . . .        (helmet restricted)
rPois   .            (no amulet)
rElec   .            (no ring)
rCorr   .            (no ring)
SInv    .            (no ring)
Will    .....        (no ring)
Stlth   +++++        (no ring)
HPRegen 0.30/turn    (no ring)
MPRegen 0.14/turn    (no ring)
                     (no ring)

%: no passive effects
@: no status effects
A: almost no armour, amphibious, 8 rings, camouflage 1, gelatinous body 1,
(nimble swimmer 1), tentacles
a: Renounce Religion, Potion Petition, Call Merchant, Bribe Branch


You were on level 8 of the Dungeon.
You worshipped Gozag.
Gozag was noncommittal.
You visited 1 branch of the dungeon, and saw 8 of its levels.

You collected 866 gold pieces.
You paid 769 gold pieces to Gozag.

Inventory:

Hand Weapons
 a - a +0 falchion (weapon)
 s - a +0 dagger
Missiles
 i - 3 curare-tipped darts (quivered)
 C - 3 boomerangs
 F - 3 javelins
Jewellery
 u - a ring of ice
Wands
 f - a wand of digging (10)
 v - a wand of quicksilver (3)
 w - a wand of flame (22)
Scrolls
 b - a scroll of fog
 c - 3 scrolls of teleportation
 g - 2 scrolls of poison {unknown}
 h - 3 scrolls of identify
 j - 2 scrolls of blinking {unknown}
 k - 2 scrolls of enchant armour {unknown}
 m - 2 scrolls of noise {unknown}
 o - a scroll of magic mapping
 x - 3 scrolls of brand weapon {unknown}
 y - 2 scrolls of acquirement {unknown}
 A - a scroll of immolation {unknown}
Potions
 d - a potion of lignification {unknown}
 e - a potion of haste
 l - 3 potions of curing
 n - a potion of resistance {unknown}
 p - a potion of ambrosia {unknown}
 q - a potion of invisibility {unknown}
 r - 2 potions of might {unknown}
 t - a potion of mutation {unknown}
 z - a potion of cancellation {unknown}
 B - 2 potions of enlightenment {unknown}
 E - a potion of magic {unknown}
 G - a potion of heal wounds {unknown}


   Skills:
 * Level 5.5 Fighting
 + Level 2.0(4.7) Short Blades
 * Level 6.6(6.8) Long Blades
 * Level 4.9 Dodging
 + Level 10.0 Stealth
 * Level 3.6 Spellcasting


You had 15 spell levels left.
You didn't know any spells.
Your spell library contained the following spells:

 Spells                   Type           Power      Damage    Failure   Level
 Dazzling Flash           Conj/Hex       2%         N/A       54%         3
 Volatile Blastmotes      Fire/Tloc      2%         2d10      54%         3
 Iskenderun's Mystic Bla  Conj/Tloc      1%         2d3       91%         4
 Starburst                Conj/Fire      0%         6d3       100%        6


Dungeon Overview and Level Annotations

Branches:
Dungeon (8/15)             Temple (0/1) D:4
   Lair: D:8-11

Altars:
Cheibriados
Gozag
Kikubaaqudgha
Ru

Shops:
D:8 =

Annotations:
D:1 2 transporters
D:8 Joseph, Pikel


Innate Abilities, Weirdness & Mutations

You cannot wear most types of armour.
You are amphibious.
You can wear up to eight rings at the same time.
Your skin changes colour to match your surroundings (Stealth+).
Your rubbery body absorbs attacks. (AC +1, EV +1)
((You are camouflaged when in or above water. (Stealth+)))
You have tentacles for arms and can constrict up to eight enemies at once.


Message History

The killer bee poisons you!
You feel very sick. The killer bee misses you. The killer bee stings you.
You are more poisoned.
The killer bee poisons you! The killer bee stings you!
You feel very sick. The killer bee closely misses you.
You feel better. The killer bee stings you!
* * * LOW HITPOINT WARNING * * *
You are poisoned.
The killer bee poisons you! The killer bee stings you.
* * * LOW HITPOINT WARNING * * *
Okay, then.
Unknown command.
You closely miss the killer bee. Your grab misses the killer bee.
You squeeze the killer bee.
The killer bee is moderately wounded.
You feel sick. The killer bee misses you. x2
You closely miss the killer bee. Your grab misses the killer bee.
The killer bee is moderately wounded.
You feel sick. The killer bee barely misses you.
The killer bee closely misses you.
You barely miss the killer bee.
The killer bee buzzes angrily.
Your grab misses the killer bee. Your squeeze misses the killer bee.
The killer bee is moderately wounded.
You feel sick. The killer bee closely misses you. x2
The iguana hisses angrily.
You hit the killer bee. Your grab misses the killer bee.
The killer bee is heavily wounded.
You feel sick. The killer bee closely misses you. The killer bee stings you!
* * * LOW HITPOINT WARNING * * *
As you read the scroll of fear, it crumbles to dust.
You assume a fearsome visage.
The iguana looks frightened!
The killer bee looks frightened! x3; You feel sick.
You feel sick.
You are no longer poisoned.
Joseph shoots a sling bullet.
The sling bullet hits you!!
You die...
Your body crumbles into a pile of gold.

..~~≈≈≈ ...~≈≈~≈≈
##..)~~≈~###
....~y.~≈~.
#....~~~~#
#...~~~y.# #
##...≈~≈~z######.#
.!...y~$≈.....@..#
.#~~.~@.######## .
#.~l~≈.# .
#.~~~..# .
#.~≈~≈.# #
#.~.~~~#
#####.≈≈~.#
###≈≈≈≈~@≈..#
#≈≈≈≈≈~~≈~~.#


You could see Joseph and a wight.

Vanquished Creatures
  Grinder (D:4)
  A wyvern (D:8)
  A steam dragon (D:8)
  3 black bears
  2 phantoms
  A kobold brigand (D:7)
  A gnoll sergeant (D:5)
  2 scorpions
  3 bullfrogs
  A jelly (D:8)
  6 hounds
  An orc priest (D:6)
  A gnoll bouda (D:6)
  2 orc wizards
  6 iguanas
  4 adders
  A shadow imp (D:6)
  A white imp (D:6)
  An ufetubus (D:4)
  2 worms
  18 orcs
  3 ball pythons
  5 endoplasms
  A giant cockroach (D:2)
  A goblin (D:4)
  6 hobgoblins
  13 kobolds
  3 quokkas
  2 bats
  2 frilled lizards (D:1)
  5 rats
100 creatures vanquished.

Notes
Turn   | Place    | Note
-------+----------+-------------------------------------------
     0 | D:5      | Esekla the Octopode Delver began the quest for the Orb.
     0 | D:5      | Reached XP level 1. HP: 16/16 MP: 1/1
    86 | D:5      | Found a snail-covered altar of Cheibriados.
    97 | D:5      | Noticed a phantom
    97 | D:5      | Noticed a bullfrog
   109 | D:5      | Found a sacrificial altar of Ru.
   109 | D:5      | Noticed an iguana
   117 | D:5      | Found an opulent altar of Gozag.
   118 | D:5      | Noticed a scorpion
   183 | D:5      | Noticed a black bear
   209 | D:5      | Noticed an iguana
   274 | D:5      | Became a worshipper of Gozag Ym Sagoz the Greedy
   310 | D:4      | Noticed an iguana
   331 | D:4      | Killed an iguana
   332 | D:4      | Reached skill level 7 in Stealth
   332 | D:4      | Reached XP level 2. HP: 21/21 MP: 2/2
   332 | D:4      | Reached XP level 3. HP: 26/26 MP: 3/3
   546 | D:3      | Reached XP level 4. HP: 30/31 MP: 5/5
   591 | D:3      | Reached skill level 1 in Spellcasting
  1100 | D:1      | Found a transporter.
  1106 | D:1      | Found a transporter.
  1811 | D:2      | Found a faded altar of an unknown god.
  2155 | D:4      | Noticed a phantom
  2225 | D:4      | Found an ancient bone altar of Kikubaaqudgha.
  2236 | D:4      | Killed a phantom
  2237 | D:4      | Reached skill level 8 in Stealth
  2237 | D:4      | Reached XP level 5. HP: 5/37 MP: 5/7
  2474 | D:4      | Found a staircase to the Ecumenical Temple.
  2677 | D:4      | Noticed a black bear
  2683 | D:4      | Killed a black bear
  2684 | D:4      | Reached XP level 6. HP: 31/43 MP: 8/8
  3112 | D:4      | Noticed Grinder
  3116 | D:4      | Killed Grinder
  3117 | D:4      | Reached skill level 1 in Short Blades
  3117 | D:4      | Reached skill level 9 in Stealth
  3117 | D:4      | Reached XP level 7. HP: 36/48 MP: 8/10
  3917 | D:5      | Reached XP level 8. HP: 54/54 MP: 10/12
  4543 | D:5      | Reached skill level 5 in Long Blades
  5340 | D:6      | Reached skill level 5 in Fighting
  5992 | D:7      | Noticed a moth of wrath
  6573 | D:8      | Noticed a yak
  6774 | D:8      | Reached XP level 9. HP: 61/61 MP: 14/14
  6810 | D:8      | Reached skill level 10 in Stealth
  6854 | D:8      | Noticed Joseph
  6888 | D:8      | Noticed Pikel
  7211 | D:8      | HP: 3/61 [poisoned by a killer bee]
  7213 | D:8      | Shot with a sling bullet by Joseph

Illustrated notes

Levels and vault maps discovered:
D:1:      spicycebolla_arrival_transporter_tutorial, layout_loops_ring,
          minmay_bisected
D:2:      layout_loops_ring, shapermc_ecumenical_altar_hornbeckon, serial_bayou,
          serial_bayou_pond_d, serial_bayou_shore_b, serial_bayou_crossing,
          serial_bayou_shore_a, nrook_mini_vaults
D:3:      minmay_bubble_buster, layout_basic
D:4:      layout_basic, old_standard_altar,
          minmay_temple_entry_drinking_statues, uniq_grinder
D:5:      layout_basic, mainiacjoe_overflow_paths, grunt_gozag_statues,
          mainiacjoe_overflow_six_doors_small, serial_curves, eino_curves_03,
          eino_curves_01, kennysheep_generic_room_3
D:6:      layout_cave_pools, minmay_fractal_squares_5
D:7:      layout_basic, tgw_trog, nicolae_figureground_sparkle
D:8:      layout_loops_ring, serial_rivers, chequers_serial_rivers_micro_d,
          chequers_serial_rivers_small_a, chequers_serial_rivers_large_a,
          chequers_serial_rivers_small_3, chequers_serial_rivers_small_a,
          chequers_serial_rivers_marsh, minmay_lizard_king, uniq_joseph,
          uniq_psyche, uniq_pikel

Skill      XL: |  1  2  3  4  5  6  7  8  9 |
---------------+----------------------------+-----
Stealth        | 7 8 9 10 | 10.0
Spellcasting   | 1 2 3 |  3.6
Long Blades    | 3 4 6 |  6.6
Fighting       | 4 5 |  5.5
Short Blades   | 1 2 |  2.0
Dodging        | 3 4 |  4.9

Action                     |  1- 3 |  4- 6 |  7- 9 || total
---------------------------+-------+-------+-------++-------
  Melee: Falchion          |    10 |    50 |   125 ||   185
         Constrict         |     3 |    13 |    33 ||    49
         Dagger            |     2 |    34 |    15 ||    51
         Tentacles         |     3 |    16 |    36 ||    55
         Punch             |       |     1 |     2 ||     3
  Throw: Dart              |       |     1 |     1 ||     2
 Invoke: Call Merchant     |       |       |     1 ||     1
    Use: Scroll            |     1 |       |     6 ||     7
         Potion            |       |       |     3 ||     3
   Stab: Sleeping          |     2 |    25 |     7 ||    34
         Distracted        |       |     1 |     1 ||     2
 Armour: Skin              |     1 |     3 |     4 ||     8
  Dodge: Dodged            |     7 |    32 |   123 ||   162

Table legend: (Time is in decaauts)
 A = Elapsed time spent in this place.
 B = Non-inter-level travel time spent in this place.
 C = Inter-level travel time spent in this place.
 D = Time resting spent in this place.
 E = Time spent auto-exploring this place.
 F = Levels seen in this place.
 G = Mean time per level.
                   A        B        C        D        E       F      G
               +--------+--------+--------+--------+--------+-----+--------+
         Total |   7191 |   7010 |    181 |   2089 |   1757 |   8 |  898.9 |
       Dungeon |   7191 |   7010 |    181 |   2089 |   1757 |   8 |  898.9 |
               +--------+--------+--------+--------+--------+-----+--------+

Top non-repeatable levels by time:
     D:4: 1614 daAuts
     D:5: 1554 daAuts
     D:6: 973 daAuts
     D:8: 806 daAuts
     D:2: 714 daAuts
     D:1: 658 daAuts
     D:7: 594 daAuts
     D:3: 275 daAuts
